 Dungeon Crawl Stone Soup version 0.15-a0-1579-gd26fec2 (console) character file.

345 Money the Gouger (level 6, -1/28 HPs)
             Began as a Felid Fighter on June 19, 2014.
             Slain by a green rat (10 damage)
             ... in a sewer.
             The game lasted 00:12:08 (2217 turns).

Money the Gouger (Felid Fighter)                    Turns: 2217, Time: 00:12:08

HP  -1/28        AC  2     Str 14      XL: 6   Next: 32%
MP  10/10        EV 18     Int 12      God:
Gold 265         SH  0     Dex 13      Spells:  0 memorised,  5 levels left
Lives: 0, deaths: 1

rFire  . . .     SeeInvis +       - Unarmed
rCold  . . .     Clarity  .     (armour unavailable)
rNeg   . . .     rCorr    .     (shield unavailable)
rPois  .         rRot     .     (helmet unavailable)
rElec  .         Spirit   .     (cloak unavailable)
SustAb .         Warding  .     (gloves unavailable)
rMut   .         Stasis   .     (boots unavailable)
Gourm  .                        (no amulet)
MR     +....                    (no ring)
                                f - ring of protection from magic

@: quick, somewhat resistant to hostile enchantments, unstealthy
A: paw claws, no armour, no weapons or thrown items, fangs 3, see invisible,
blink 1, carnivore 3, clever 1, clumsy 1, speed 1, shaggy fur 2, slow metabolism
1, jump 2
a: Jump Attack, Blink


You were in a sewer.
You were full.

You visited 1 branch of the dungeon, and saw 5 of its levels.
You also visited: Sewer.

You collected 265 gold pieces.

Inventory:

Comestibles
 d - 2 meat rations
Scrolls
 a - 3 scrolls of remove curse
 h - 2 scrolls of teleportation
 j - 2 scrolls of identify
Jewellery
 c - an uncursed amulet of faith
 f - a ring of protection from magic (left paw)
Potions
 b - a potion of restore abilities
 e - a potion of might
 g - a potion of curing
 i - a potion of invisibility


   Skills:
 - Level 3.0 Fighting
 - Level 4.0 Dodging
 + Level 8.5 Unarmed Combat


You had 5 spell levels left.
You didn't know any spells.

Dungeon Overview and Level Annotations

Branches:
Dungeon (5/15)
 Temple: D:4-7

Altars:
Fedhas
Qazlal
Trog
Xom
The Shining One


Innate Abilities, Weirdness & Mutations

You cannot wear armour.
You are incapable of wielding weapons or throwing items.
Your paws have sharp claws.
You have razor-sharp teeth.
You have supernaturally acute eyesight.
You are carnivorous and can eat meat at any time.
You cover ground quickly.
You are covered in thick fur (AC +2).
You have a slow metabolism.
You can jump attack at a medium distance.
You can translocate small distances at will.
Your mind is acute. (Int +2)
You are clumsy. (Dex -2)


Message History

There is a gate leading back out of here here.
The green rat barely misses you.
You closely miss the green rat. The green rat misses you.
You closely miss the green rat. The green rat bites you.
You claw the green rat!
The green rat begins to bleed from its wounds!
The green rat is severely wounded.
You scratch the green rat but do no damage.
The green rat is severely wounded.
The green rat barely misses you.
The rat twitches its whiskers.
The rat closely misses you.
You scratch the green rat but do no damage.
The green rat is severely wounded.
The green rat bites you. The rat barely misses you.
You scratch the green rat.
You kill the green rat!
The rat barely misses you.
You barely miss the green rat. The green rat bites you!
You die... ################ #..r@rrr......≈≈ ################

You could see 2 green rats and 2 rats.

Vanquished Creatures
  An ice beast (D:5)
  An ogre (D:4)
  A scorpion (D:4)
  A jelly (D:5)
  2 hounds
  2 worker ants
  A green rat (Sewer)
  3 adders (D:3)
  3 giant mites
  2 worms
  2 orcs (D:4)
  7 giant cockroaches
  6 hobgoblins
  13 jackals
  A quokka (D:3)
  8 bats
  6 giant geckos
  5 giant newts
  6 goblins
  2 hobgoblin skeletons (D:5)
  7 kobolds
  3 rats
83 creatures vanquished.

Notes
Turn   | Place    | Note
--------------------------------------------------------------
     0 | D:1      | Money, the Felid Fighter, began the quest for the Orb.
     0 | D:1      | Reached XP level 1. HP: 10/10 MP: 2/2
   187 | D:1      | Reached XP level 2. HP: 7/14 MP: 3/3
   433 | D:2      | Reached skill level 5 in Unarmed Combat
   433 | D:2      | Reached XP level 3. HP: 14/17 MP: 5/5
   471 | D:2      | Found a shimmering altar of Xom.
   895 | D:3      | Reached XP level 4. HP: 8/21 MP: 7/7
  1146 | D:4      | Reached skill level 6 in Unarmed Combat
  1237 | D:4      | Found a blossoming altar of Fedhas.
  1254 | D:4      | Noticed an ogre
  1261 | D:4      | Killed an ogre
  1261 | D:4      | Reached XP level 5. HP: 9/24 MP: 8/8
  1428 | D:4      | Reached skill level 7 in Unarmed Combat
  1462 | D:3      | Found a stormy altar of Qazlal.
  1581 | D:4      | Gained mutation: You are covered in thick fur (AC +2). [growing up]
  1581 | D:4      | Gained mutation: You can jump attack at a medium distance. [growing up]
  1581 | D:4      | Reached XP level 6. HP: 28/28 MP: 10/10
  1693 | D:4      | Gained mutation: You are clumsy. (Dex -2) [potion of mutation]
  1693 | D:4      | Gained mutation: Your mind is acute. (Int +2) [potion of mutation]
  1693 | D:4      | Gained mutation: You can translocate small distances at will. [potion of mutation]
  1885 | D:5      | Entered Level 5 of the Dungeon
  1942 | D:5      | HP: 2/42 [worker ant (1)]
  1946 | D:5      | Succumbed to a worker ant's poison
  1947 | D:5      | Reached XP level 5. HP: 0/36 MP: 8/8
  1954 | D:5      | Reached skill level 8 in Unarmed Combat
  1987 | D:5      | Found a glowing golden altar of the Shining One.
  1987 | D:5      | Found a bloodstained altar of Trog.
  2030 | D:5      | Reached XP level 6. HP: 28/28 MP: 10/10
  2065 | D:5      | Found a glowing drain.
  2207 | Sewer    | Entered a sewer
  2217 | Sewer    | Slain by a green rat

Action                   |  1- 3 |  4- 6 || total
-------------------------+-------+-------++-------
Melee: Unarmed           |   108 |   121 ||   229
  Use: Scroll            |     4 |     3 ||     7
       Potion            |     3 |     2 ||     5
 Stab: Distracted        |     1 |       ||     1
       Sleeping          |     3 |     6 ||     9
       Invisible         |     3 |       ||     3
